Map: Blackpink LE

Players

KINGriffin

  • Race: Zerg Zerg
  • Spawn Location: 7:00

LaFantome - Winner!

  • Race: Protoss Protoss
  • Spawn Location: 1:00

VOD

Have the link to the VOD?

Description

neuroW

Time

  • Played on: Nov. 25, 2017, 11:01 a.m.
  • Length: 11:05
Show
View Real Time Build Order
Export as new Build Order

KINGriffin Zerg 

Build Orders: Pool First 

Get SALT Encoding   

  12  0:02  Drone  
  13  0:12  Overlord  
  13  0:17  Drone  
  14  0:30  Drone x2  
  16  0:36  Drone  
  17  0:52  Drone  
  17  0:55  Spawning Pool  
  17  0:58  Drone  
  17  1:01  Extractor  
  17  1:08  Drone  
  18  1:23  Hatchery  
  17  1:27  Drone  
  17  1:30  Drone  
  19  1:42  Drone  
  20  1:50  Drone  
  21  2:02  Drone  
  22  2:15  Overlord  
  22  2:33  Queen  
  22  2:35  Drone x2  
  22  2:36  Drone  
  27  2:37  Queen  
  27  2:38  Hatchery  
  27  2:43  Metabolic Boost  
  28  2:45  Drone  
  28  2:48  Drone  
  30  2:56  Drone  
  30  2:58  Drone  
  32  3:09  Drone x2  
  34  3:13  Queen  
  34  3:17  Lair  
  36  3:23  Overlord  
  36  3:25  Overlord  
  36  3:41  Extractor x2, Drone x2  
  35  3:42  Drone x2  
  38  4:06  Overlord  
  38  4:07  Overlord  
  38  4:16  Evolution Chamber  
  37  4:23  Drone  
  38  4:24  Drone x10  
  38  4:26  Queen  
  50  4:42  Zerg Melee Weapons Level 1  
  50  4:47  Spire  
  49  4:55  Overseer  
  49  4:56  Spore Crawler  
  48  5:12  Spore Crawler  
  48  5:13  Overlord x2  
  47  5:15  Zergling x2  
  47  5:16  Zergling x22  
  57  5:40  Queen  
  52  5:47  Drone x6  
  52  5:48  Drone x4  
  56  5:58  Mutalisk  
  56  5:59  Mutalisk x2  
  56  6:00  Mutalisk  
  56  6:01  Mutalisk  
  63  6:10  Mutalisk  
  64  6:16  Mutalisk  
  59  6:21  Queen  
  59  6:22  Mutalisk  
  59  6:23  Mutalisk  
  59  6:34  Mutalisk  
  41  6:55  Mutalisk  
  39  7:06  Drone x3  
  31  7:19  Drone  
  24  7:31  Drone  
  24  7:34  Drone x3  
  24  7:35  Queen  
  30  7:52  Drone x2  
  32  8:01  Hatchery  
  31  8:42  Zergling x6  
  24  9:10  Drone  
  24  9:11  Drone  
  20  9:43  Drone  
  15  10:05  Drone  
  15  10:19  Hatchery  
Show
View Real Time Build Order
Export as new Build Order

LaFantome Protoss - Winner!

Build Orders:  

Get SALT Encoding   

  12  0:01  Probe  
  13  0:13  Probe  
  14  0:20  Pylon  
  14  0:25  Probe  
  15  0:41  Gateway  
  15  0:45  Probe  
  16  0:57  Probe  
  17  1:09  Probe  
  18  1:18  Assimilator  
  18  1:21  Probe  
  19  1:33  Cybernetics Core  
  19  1:38  Probe  
  20  1:45  Nexus  
  20  1:50  Pylon  
  20  1:56  Probe  
  21  2:04  Assimilator  
  21  2:08  Probe  
  22  2:22  Warp Gate (Chrono Boost)  
  22  2:23  Probe  
  23  2:35  Probe  
  24  2:47  Probe  
  24  2:51  Twilight Council  
  27  2:59  Probe  
  27  3:00  Probe  
  29  3:07  Stalker  
  29  3:12  Probe x2  
  31  3:19  Pylon  
  31  3:24  Probe x2  
  33  3:27  Charge (Chrono Boost)  
  33  3:33  Robotics Facility  
  33  3:40  Gateway  
  33  3:43  Gateway  
  33  3:44  Gateway  
  33  4:03  Probe x2  
  35  4:10  Warp Prism  
  35  4:13  Gateway  
  35  4:15  Probe, Gateway  
  38  4:51  Zealot x4  
  46  4:59  Pylon  
  46  5:07  Pylon x2  
  46  5:19  Zealot x3  
  46  5:20  Zealot  
  54  5:28  Zealot x2  
  58  5:41  Zealot x4  
  58  5:52  Zealot x2  
  60  6:02  Zealot x4  
  68  6:21  Zealot  
  68  6:22  Zealot  
  72  6:37  Zealot x4  
  74  6:54  Zealot x2  
  56  7:22  Forge  
  36  7:30  Zealot x6  
  37  7:47  Stalker  
  37  7:48  Stalker x3  
  43  7:53  Assimilator  
  43  7:55  Assimilator  
  43  8:04  Photon Cannon x2  
  33  8:13  Photon Cannon  
  33  8:14  Stalker x3  
  33  8:15  Photon Cannon  
  38  8:21  Photon Cannon  
  28  8:35  Stalker  
  28  8:36  Stalker  
  22  8:48  Stalker  
  20  9:18  Zealot x5  
  20  9:19  Zealot  
  6  10:15  Zealot x2  
  6  10:16  Zealot x4  
Tags
 
Matchup
PvZ
Opening
Pool First
Spawn Locations
Cross Positions
Add a new tag
Caveats
  • Supply blocks, unpowered buildings, or Contaminate may cause inaccurate times.
  • Supply counts are checked every 10 seconds.